 Dungeon Crawl Stone Soup version 0.29-a0-284-gf9362112df (webtiles) character file.

Game seed: 17643118609108795500

228 Dabor the Cudgeller (level 6, -2/38 HPs)
             Began as a Gargoyle Gladiator on Mar 14, 2022.
             Slain by Edmund
             ... wielding a +1 dire flail of holy wrath
              (6 damage)
             ... on level 4 of the Dungeon.
             The game lasted 00:04:31 (3785 turns).

Dabor the Cudgeller (Gargoyle Gladiator)            Turns: 3785, Time: 00:04:32

Health: -2/38      AC: 10    Str: 20    XL:     6   Next: 2%
Magic:  6/6        EV: 12    Int:  8    God:
Gold:   212        SH:  0    Dex: 11    Spells: 5/5 levels left

rFire   . . .      SeeInvis .   a - +0 flail
rCold   . . .      Faith    .   (no shield)
rNeg    + . .      Spirit   .   b - +0 leather armour
rPois   ∞          Reflect  .   c - +0 helmet
rElec   +          Harm     .   e - +1 cloak
rCorr   .          Rampage  .   (no gloves)
Will    .....                   (no boots)
Stlth   +.........              (no amulet)
HPRegen 0.12/turn               (no ring)
MPRegen 0.10/turn               (no ring)

@: no status effects
A: sickness immunity, AC +4, negative energy resistance 1, electricity
resistance, torment resistance 1, petrification resistance
a: no special abilities


You were on level 4 of the Dungeon.
You visited 1 branch of the dungeon, and saw 4 of its levels.

You collected 212 gold pieces.

Inventory:

Hand Weapons
 a - a +0 flail (weapon)
Armour
 b - a +0 leather armour (worn)
 c - a +0 helmet (worn)
 e - a +1 cloak (worn)
Jewellery
 j - a ring of ice
 m - a ring of fire
Scrolls
 f - 2 scrolls of identify
 g - a scroll of magic mapping
 l - a scroll of vulnerability {unknown}
Potions
 n - a potion of attraction {unknown}
 o - a potion of brilliance {unknown}


   Skills:
 + Level 3.8 Fighting
 + Level 4.1 Maces & Flails
 - Level 2.9 Throwing
 + Level 1.0 Armour
 + Level 3.3 Dodging


You had 5 spell levels left.
You didn't know any spells.
Your spell library contained the following spells:

 Spells                   Type           Power      Damage    Failure   Level
 Foxfire                  Conj/Fire      0%         2x1d4     45%         1
 Pain                     Necr           0%         1d4       45%         1
 Ensorcelled Hibernation  Hex/Ice        0%         N/A       61%         2
 Conjure Flame            Conj/Fire      0%         6-21      83%         3
 Inner Flame              Hex/Fire       0%         N/A       83%         3
 Spider Form              Tmut/Pois      0%         N/A       83%         3
 Anguish                  Hex/Necr       0%         N/A       99%         4
 Flame Wave               Conj/Fire      0%         2d4       99%         4
 Agony                    Necr           0%         N/A       100%        5
 Excruciating Wounds      Necr           0%         N/A       100%        5


Dungeon Overview and Level Annotations

Branches:
Dungeon (4/15)
 Temple: D:4-7

Altars:

Annotations:
D:4 Edmund


Innate Abilities, Weirdness & Mutations

You are immune to sickness and miasma.
Your stone body is resilient. (AC +4)
You are immune to poison.
You resist negative energy. (rN+)
You are resistant to electric shocks. (rElec)
You are resistant to unholy torment.
You are immune to petrification.


Message History

Press: ? - help, Q - select action Shift-Dir - straight line, f - Edmund
Aim: Edmund, wielding a +1 dire flail of holy wrath and wearing a +0 ring mail (61% to hit)
You throw a throwing net. The throwing net barely misses Edmund.
Edmund hits you with a +1 dire flail of holy wrath!
* * * LOW HITPOINT WARNING * * *
Throw: throwing net
Press: ? - help, Q - select action Shift-Dir - straight line, f/p - Edmund
Aim: Edmund, wielding a +1 dire flail of holy wrath and wearing a +0 ring mail (61% to hit)
You throw a throwing net. The throwing net hits Edmund.
Edmund is caught in the net!
You hit Edmund.
Edmund is lightly wounded.
Edmund struggles against the net. x2
You hit Edmund but do no damage.
Edmund is lightly wounded.
Edmund struggles against the net.
You thump Edmund!
Edmund is lightly wounded.
Edmund struggles against the net.
You hit Edmund.
Edmund is lightly wounded.
Edmund struggles against the net.
You hit Edmund but do no damage.
Edmund is lightly wounded.
Edmund struggles against the net.
The net rips apart, and Edmund comes free!
You feel better. Edmund misses you.
As you read the scroll labelled BEEHON AMAS, it crumbles to dust.
It is a scroll of identify.
g - a scroll of magic mapping Edmund hits you with a +1 dire flail of holy wrath!
* * * LOW HITPOINT WARNING * * *
As you read the scroll labelled VYNIKK ERYWENO, it crumbles to dust.
It is a scroll of amnesia.
You feel forgetful for a moment. Edmund closely misses you.
As you read the scroll labelled NUPSI MALUM ZAIPH, it crumbles to dust.
It is a scroll of enchant armour.
Your +0 cloak glows green for a moment.
Edmund hits you with a +1 dire flail of holy wrath.
You die...

#.... #. #...# ... #...#
.... #.#.##.....
#.#.†...... ###.#.##..##
#............
###†#.....##. #.
#@##.......
####.#####@##.......
.................##.
.....#.##.###.#.#
####..#.##.# #.#.#
..............##.# #...#
..............##.# #...#
................(###...#
......#.....#.#......#.#
#


You could see Edmund.

Vanquished Creatures
  A howler monkey (D:4)
  2 orc wizards (D:3)
  6 adders
  A worm (D:2)
  3 dart slugs
  4 orcs (D:3)
  5 endoplasms
  5 giant cockroaches (D:2)
  10 hobgoblins
  5 jackals
  6 quokkas
  3 ball pythons
  7 bats
  A frilled lizard (D:3)
  5 goblins
  6 kobolds
  3 rats
73 creatures vanquished.

Vanquished Creatures (others)
  19 plants (D:1)
19 creatures vanquished.

Grand Total: 92 creatures vanquished

Notes
Turn   | Place    | Note
-------+----------+-------------------------------------------
     0 | D:1      | Dabor the Gargoyle Gladiator began the quest for the Orb.
     0 | D:1      | Reached XP level 1. HP: 12/12 MP: 1/1
   654 | D:1      | Reached XP level 2. HP: 18/18 MP: 2/2
  1602 | D:2      | Reached XP level 3. HP: 18/22 MP: 3/3
  2363 | D:2      | Reached XP level 4. HP: 25/28 MP: 4/4
  3321 | D:3      | Reached XP level 5. HP: 16/32 MP: 5/5
  3749 | D:4      | Reached skill level 4 in Maces & Flails
  3749 | D:4      | Reached XP level 6. HP: 13/38 MP: 6/6
  3751 | D:4      | Reached skill level 1 in Armour
  3773 | D:4      | Noticed Edmund
  3785 | D:4      | Slain by Edmund

Illustrated notes

Levels and vault maps discovered:
D:1:      roderic_crop_circles_arrival_small, layout_loops_corners
D:2:      layout_loops_ring, minmay_3d_cube
D:3:      minmay_recursive_quarters, layout_loops_ring
D:4:      layout_basic, grunt_dithmenos_smoke_and_mirrors,
          sigmund_edmund_badplayer, uniq_blork_the_orc

Skill      XL: |  1  2  3  4  5  6 |
---------------+-------------------+-----
Throwing       | 2 |  2.9
Fighting       | 3 |  3.8
Dodging        | 3 |  3.3
Maces & Flails | 4 |  4.1
Armour         | 1 |  1.0

Action                   |  1- 3 |  4- 6 || total
-------------------------+-------+-------++-------
Melee: Flail             |   143 |   137 ||   280
       Punch             |     1 |     1 ||     2
Throw: Throwing net      |     1 |     3 ||     4
       Javelin           |       |     1 ||     1
  Use: Potion            |       |     2 ||     2
       Scroll            |       |     3 ||     3
 Stab: Held in net/web   |       |     1 ||     1
Armor: Leather armour    |    65 |    70 ||   135
Dodge: Dodged            |   103 |    89 ||   192

Table legend: (Time is in decaauts)
 A = Elapsed time spent in this place.
 B = Non-inter-level travel time spent in this place.
 C = Inter-level travel time spent in this place.
 D = Time resting spent in this place.
 E = Time spent auto-exploring this place.
 F = Levels seen in this place.
 G = Mean time per level.
                   A        B        C        D        E       F      G
               +--------+--------+--------+--------+--------+-----+--------+
         Total |   3847 |   3685 |    162 |    211 |   2832 |   4 |  961.8 |
       Dungeon |   3847 |   3685 |    162 |    211 |   2832 |   4 |  961.8 |
               +--------+--------+--------+--------+--------+-----+--------+

Top non-repeatable levels by time:
     D:1: 1517 daAuts
     D:2: 1490 daAuts
     D:3: 650 daAuts
     D:4: 188 daAuts
